 Dungeon Crawl Stone Soup version 0.20.0-15-g7f486f2 (webtiles) character file.

135 StormFighter the Slasher (level 5, -4/27 HPs)
             Began as a Vine Stalker Fighter on June 26, 2017.
             Slain by vishdafish's ghost (12 damage)
             ... on level 3 of the Dungeon.
             The game lasted 00:02:47 (1462 turns).

StormFighter the Slasher (Vine Stalker Fighter)     Turns: 1462, Time: 00:02:47

Health: -4/27      AC:  7    Str: 19    XL:     5   Next: 18%
Magic:  0/6        EV:  7    Int:  8    God:
Gold:   147        SH:  9    Dex: 14    Spells: 4/4 levels left

rFire    . . .     SeeInvis .   a - +0 long sword
rCold    . . .     Gourm    .   c - +0 shield
rNeg     . . .     Faith    .   b - +0 scale mail
rPois    .         Spirit   +   l - +0 helmet
rElec    .         Reflect  .   (no cloak)
rCorr    .         Harm     .   (no gloves)
MR       .....                  (no boots)
Stlth    ..........             (no amulet)
Regen    0.5/turn               (no ring)
MPRegen  0.1/turn               (no ring)

@: no status effects
A: fangs 2, regeneration 1, magic shield, antimagic bite, no potion heal 3, rot
immunity
a: no special abilities


You were on level 3 of the Dungeon.
You were not hungry.

You visited 1 branch of the dungeon, and saw 3 of its levels.

You collected 147 gold pieces.

Inventory:

Hand Weapons
 a - a +0 long sword (weapon)
Armour
 b - a +0 scale mail (worn)
 c - a +0 shield (worn)
 l - a +0 helmet (worn)
Jewellery
 n - a cursed ring of loudness {unknown}
 t - a +3 ring of protection {unknown}
Wands
 i - a wand of iceblast (5/15)
Scrolls
 g - a scroll of blinking {unknown}
 k - a scroll of fog {unknown}
 o - a scroll of remove curse {unknown}
 q - a scroll of magic mapping {unknown}
 s - a scroll of enchant armour {unknown}
Potions
 d - 2 potions of might
 e - a potion of curing {unknown}
 h - a potion of flight {unknown}
 j - a potion of mutation {unknown}
 m - a potion of degeneration {unknown}
 u - a potion of berserk rage
Comestibles
 f - 2 bread rations
 p - a meat ration
 r - 2 chunks of flesh


   Skills:
 - Level 2.6 Fighting
 + Level 4.7 Long Blades
 - Level 2.4 Armour
 - Level 2.6 Shields


You had 4 spell levels left.
You didn't know any spells.

Dungeon Overview and Level Annotations

Branches:
Dungeon (3/15)

Altars:
Hepliaklqana
Ru
Trog

Annotations:
D:2 2 transporters
D:3 vishdafish's ghost, amateur GrFi


Innate Abilities, Weirdness & Mutations

You have extremely sharp teeth.
Your natural rate of healing is unusually fast.
When hurt, damage is shared between your health and your magic reserves.
Your bite disrupts and absorbs the magic of your enemies.
Potions cannot restore your health.
You are immune to rotting.


Message History

Your shield prevents you from hitting vishdafish's ghost.
Vishdafish's ghost is moderately damaged.
Vishdafish's ghost hits you.
You hit vishdafish's ghost but do no damage.
Vishdafish's ghost is moderately damaged.
Vishdafish's ghost hits you! You block vishdafish's ghost's attack.
You hit vishdafish's ghost.
You bite vishdafish's ghost, but do no damage.
Vishdafish's ghost is moderately damaged.
Vishdafish's ghost hits you but does no damage.
Your shield prevents you from hitting vishdafish's ghost.
Your bite misses vishdafish's ghost.
Vishdafish's ghost is moderately damaged.
Vishdafish's ghost hits you!
* * * LOW HITPOINT WARNING * * *
You closely miss vishdafish's ghost.
You bite vishdafish's ghost, but do no damage.
Vishdafish's ghost is moderately damaged.
Vishdafish's ghost hits you!
You die...

.# . ##..... .. ..
......> .# .. #..... #.
#.#### ###### .. ...# #
.# ##.######## # . #.
#....g.<..# ############
# #.#
#..######.###...........
##.#
#......@Wg....##########
#.# #.#.#....####.###.#
.#####.#.#...#.# #.# #.#
.........#.#..## #.# #.#
.# .........# #.# #.#
.#####.###.#..# #.# #.#
....##.# #.#..# #.# #.#
##...#.###.#(.# #.# #..
.....(.)......# #.#


You could see vishdafish's ghost and a goblin.

Vanquished Creatures
  2 orc wizards
  2 adders
  2 worms (D:2)
  A dart slug (D:1)
  2 leopard geckos (D:2)
  3 orcs (D:3)
  2 ball pythons
  2 giant cockroaches (D:1)
  5 hobgoblins
  4 jackals (D:3)
  5 kobolds
  6 bats (D:2)
  8 frilled lizards
  4 goblins
  5 rats
53 creatures vanquished.

Notes
Turn   | Place    | Note
-------+----------+-------------------------------------------
     0 | D:1      | StormFighter the Vine Stalker Fighter began the quest for the Orb.
     0 | D:1      | Reached XP level 1. HP: 11/11 MP: 2/2
    36 | D:1      | Reached skill level 2 in Long Blades
   113 | D:1      | Reached XP level 2. HP: 15/16 MP: 1/3
   311 | D:1      | You fall through a shaft!
   312 | D:2      | Found a sacrificial altar of Ru.
   336 | D:2      | Reached skill level 3 in Long Blades
   336 | D:2      | Reached XP level 3. HP: 19/19 MP: 2/4
   519 | D:2      | Gained mutation: Your natural rate of healing is unusually fast. [Vine Stalker growth]
   519 | D:2      | Reached XP level 4. HP: 19/23 MP: 5/5
   527 | D:2      | Found a hazy altar of Hepliaklqana.
   767 | D:2      | Found a transporter.
   770 | D:2      | Found a transporter.
   798 | D:2      | Found a bloodstained altar of Trog.
   808 | D:2      | Reached skill level 4 in Long Blades
  1359 | D:3      | Reached XP level 5. HP: 26/27 MP: 6/6
  1361 | D:3      | Noticed vishdafish's ghost (amateur GrFi)
  1462 | D:3      | Slain by vishdafish's ghost

Skill      XL: |  1  2  3  4 |
---------------+-------------+-----
Long Blades    | 2 3 4 |  4.7
Fighting       | |  2.6
Armour         | |  2.4
Shields        | |  2.6

Action                   |  1- 3 |  4- 6 || total
-------------------------+-------+-------++-------
Melee: Long sword        |    63 |   152 ||   215
       Bite              |    15 |    49 ||    64
  Use: Potion            |       |     1 ||     1
 Stab: Paralysed         |     1 |       ||     1
  Eat: Chunk             |       |     2 ||     2
Armor: Scale mail        |    19 |    83 ||   102
Dodge: Dodged            |    15 |    44 ||    59
Block: Shield            |    27 |    86 ||   113
       Rpst.: Long sword |     5 |    12 ||    17
